 Dungeon Crawl Stone Soup version 0.29-a0-330-g52719c12eb (webtiles) character file.

Game seed: 715992366404524447

55 Argons the Bolt Thrower (level 4, -2/26 HPs)
             Began as a Kobold Hunter on Apr 23, 2022.
             Slain by a goblin
             ... wielding a +0 club
              (3 damage)
             ... on level 2 of the Dungeon.
             The game lasted 00:11:13 (1333 turns).

Argons the Bolt Thrower (Kobold Hunter)             Turns: 1333, Time: 00:11:14

Health: -2/26      AC:  3    Str:  8    XL:     4   Next: 14%
Magic:  4/4        EV: 14    Int: 10    God:
Gold:   86         SH:  0    Dex: 20    Spells: 3/3 levels left

rFire   . . .      SeeInvis .   i - +0 short sword
rCold   . . .      Faith    .   (no shield)
rNeg    . . .      Spirit   .   b - +0 leather armour
rPois   .          Reflect  .   (no helmet)
rElec   .          Harm     .   (no cloak)
rCorr   .          Rampage  .   (no gloves)
Will    .....                   (no boots)
Stlth   +++.......              (no amulet)
HPRegen 0.08/turn               (no ring)
MPRegen 0.09/turn               (no ring)

@: lethally poisoned (-2 -> -10), attractive
A: small, no large weapons, nightstalker 3
a: no special abilities


You were on level 2 of the Dungeon.
You visited 1 branch of the dungeon, and saw 2 of its levels.

You collected 86 gold pieces.

Inventory:

Hand Weapons
 a - a +1 hand crossbow
 i - a +0 short sword (weapon)
Armour
 b - a +0 leather armour (worn)
Jewellery
 j - an amulet of magic regeneration
Scrolls
 c - 2 scrolls of immolation
 d - 2 scrolls of identify {unknown}
 f - a scroll of teleportation
 l - a scroll of vulnerability {unknown}
Potions
 e - 2 potions of curing {unknown}
 g - a potion of lignification {unknown}
 h - 2 potions of attraction
 k - a potion of heal wounds {unknown}


   Skills:
 - Level 2.1 Fighting
 + Level 2.4 Short Blades
 + Level 6.0 Crossbows
 - Level 2.4 Dodging
 + Level 3.2 Stealth


You had 3 spell levels left.
You didn't know any spells.
Your spell library was empty.

Dungeon Overview and Level Annotations

Branches:
Dungeon (2/15)

Altars:


Innate Abilities, Weirdness & Mutations

You are small and have problems with some larger weapons.
You are completely attuned to the shadows.


Message History

The adder misses you. The adder bites you but does no damage.
Shoot: a) +1 hand crossbow
Press: ? - help, Q - select action Shift-Dir - straight line, f/p - adder
Aim: an adder (lightly wounded, 52% to hit)
You shoot a bolt. The bolt hits the adder.
The adder is moderately wounded.
The adder bites you. x2
You are poisoned.
The adder poisons you!
Shoot: a) +1 hand crossbow
Press: ? - help, Q - select action Shift-Dir - straight line, f/p - adder
Aim: an adder (moderately wounded, 52% to hit)
You shoot a bolt.
The bolt hits the adder but does no damage.
The adder is moderately wounded.
You feel sick. The adder misses you.
i - a +0 short sword (weapon)
The adder bites you.
You hit the adder.
The adder is heavily wounded.
You feel sick. The adder bites you.
You are more poisoned.
The adder poisons you!
You closely miss the adder.
The adder is heavily wounded.
You feel sick. The adder bites you.
* * * LOW HITPOINT WARNING * * *
You are more poisoned.
The adder poisons you! The adder misses you.
You hit the adder.
You kill the adder!
* * * LOW HITPOINT WARNING * * *
You feel very sick.
Your Crossbows skill increases to level 6!
You have reached level 4!
It was a potion of attraction.
You feel attractive to monsters.
* * * LOW HITPOINT WARNING * * *
You feel sick. The goblin hits you with a +0 club.
You die...

#.####### #.#.....#
#.#.###.####### #####
##......# ♣♣♣
######.# ♣ ...♣♣ #.#
♣. ♣..♣######.#######
♣.♣♣♣..'.##.........#
♣..♣@.♣#....#.#####..
♣.g.♣♣####.#.# #..
♣♣♣♣♣ #.... #..
#..... .... .... ....


You could see a goblin.

Vanquished Creatures
  An adder (D:2)
  A worm (D:2)
  A dart slug (D:1)
  5 ball pythons
  6 bats
  3 endoplasms
  A giant cockroach (D:1)
  2 goblins
  3 hobgoblins
  3 quokkas (D:1)
  2 frilled lizards (D:1)
  6 kobolds
  2 rats (D:1)
36 creatures vanquished.

Notes
Turn   | Place    | Note
-------+----------+-------------------------------------------
     0 | D:1      | Argons the Kobold Hunter began the quest for the Orb.
     0 | D:1      | Reached XP level 1. HP: 12/12 MP: 1/1
   122 | D:1      | Reached skill level 1 in Short Blades
   122 | D:1      | Reached XP level 2. HP: 17/17 MP: 2/2
   330 | D:1      | Reached XP level 3. HP: 21/21 MP: 3/3
  1333 | D:2      | Reached skill level 6 in Crossbows
  1333 | D:2      | Reached XP level 4. HP: 3/26 MP: 4/4
  1333 | D:2      | HP: 1/26 [poisoned by an adder]
  1333 | D:2      | Slain by a goblin

Illustrated notes

Levels and vault maps discovered:
D:1:      minmay_arrival_up_and_down, layout_basic, minmay_circled_x
D:2:      layout_loops_corners, basic_ecumenical_altar,
          kennysheep_generic_room_8

Skill      XL: |  1  2  3 |
---------------+----------+-----
Short Blades   | 1 2 |  2.4
Stealth        | 2 3 |  3.2
Crossbows      | 6 |  6.0
Fighting       | |  2.1
Dodging        | |  2.4

Action                   |  1- 3 |  4- 6 || total
-------------------------+-------+-------++-------
Melee: Short sword       |     3 |       ||     3
 Fire: Hand crossbow     |    73 |       ||    73
  Use: Scroll            |     3 |       ||     3
       Potion            |       |     1 ||     1
Armor: Leather armour    |     3 |       ||     3
Dodge: Dodged            |    21 |       ||    21

Table legend: (Time is in decaauts)
 A = Elapsed time spent in this place.
 B = Non-inter-level travel time spent in this place.
 C = Inter-level travel time spent in this place.
 D = Time resting spent in this place.
 E = Time spent auto-exploring this place.
 F = Levels seen in this place.
 G = Mean time per level.
                   A        B        C        D        E       F      G
               +--------+--------+--------+--------+--------+-----+--------+
         Total |   1351 |   1319 |     32 |    102 |     33 |   2 |  675.5 |
       Dungeon |   1351 |   1319 |     32 |    102 |     33 |   2 |  675.5 |
               +--------+--------+--------+--------+--------+-----+--------+

Top non-repeatable levels by time:
     D:1: 769 daAuts
     D:2: 582 daAuts
